 Dungeon Crawl Stone Soup version 0.24-a0-170-gd8427f5 (webtiles) character file.

Game seed: 3514335230926780617

25 lemonriz the Charmwright (level 2, -7/22 HPs)
             Began as a Demonspawn Skald on Mar 9, 2019.
             Mangled by Natasha (8 damage)
             ... on level 2 of the Dungeon.
             The game lasted 00:01:40 (1019 turns).

lemonriz the Charmwright (Demonspawn Skald)         Turns: 1019, Time: 00:01:41

Health: -7/22      AC:  3    Str: 14    XL:     2   Next: 82%
Magic:  2/5        EV: 12    Int: 14    God:
Gold:   30         SH:  0    Dex: 12    Spells: 4/5 levels left

rFire    . . .     SeeInvis .   a - +0 spear
rCold    . . .     Gourm    .   (no shield)
rNeg     . . .     Faith    .   b - +0 leather armour
rPois    .         Spirit   .   (no helmet)
rElec    .         Reflect  .   (no cloak)
rCorr    .         Harm     .   (no gloves)
MR       .....                  (no boots)
Stlth    +.........             (no amulet)
HPRegen  0.07/turn              j - +3 ring of strength
MPRegen  0.09/turn              (no ring)

@: infused
A: talons 1
a: no special abilities


You were on level 2 of the Dungeon.
You were not hungry.

You visited 1 branch of the dungeon, and saw 2 of its levels.

You collected 30 gold pieces.

Inventory:

Hand Weapons
 a - a +0 spear (weapon)
Armour
 b - a +0 leather armour (worn)
 e - a +0 shield
Jewellery
 j - a +3 ring of strength (left hand)
Scrolls
 c - 2 scrolls of remove curse {unknown}
 k - a scroll of enchant armour {unknown}
 n - a scroll of identify {unknown}
Potions
 f - 2 potions of heal wounds {unknown}
 g - a potion of agility {unknown}
 h - a potion of mutation {unknown}
 i - a potion of flight {unknown}
 m - a potion of ambrosia {unknown}
Comestibles
 d - 2 rations
 l - a chunk of flesh


   Skills:
 + Level 2.1 Fighting
 + Level 2.0 Polearms
 * Level 1.4 Armour
 * Level 2.3 Dodging
 - Level 2.0 Spellcasting
 + Level 2.8 Charms


You had 4 spell levels left.
You knew the following spells:

 Your Spells              Type           Power        Failure   Level  Hunger
a - Infusion              Chrm           #...         9%          1    ##.....

Your spell library contained the following spells:

 Spells                   Type           Power        Failure   Level  Hunger
 Song of Slaying          Chrm           #.......     14%         2    ###....
 Shroud of Golubria       Chrm/Tloc      #.........   24%         2    ###....
 Regeneration             Chrm/Necr      #.........   43%         3    ####...
 Spectral Weapon          Hex/Chrm       #.......     43%         3    ####...


Dungeon Overview and Level Annotations

Branches:
Dungeon (2/15)

Altars:

Annotations:
D:2 Natasha


Innate Abilities, Weirdness & Mutations

You have sharp toenails.


Message History

You hit Natasha.
Natasha is lightly wounded.
Natasha claws you.
You barely miss Natasha.
Natasha is lightly wounded.
Natasha stares at you and mumbles some strange words.
The magic dart hits you!
You barely miss Natasha.
Natasha is lightly wounded.
Natasha claws you!
* * * LOW HITPOINT WARNING * * *
You hit Natasha. You claw Natasha.
Natasha is severely wounded.
Natasha barely misses you.
You hit Natasha but do no damage. You claw Natasha, but do no damage.
Natasha is severely wounded.
Natasha mumbles some strange words.
Natasha glows brightly for a moment.
Natasha claws you!
You die...

.>###########.#
#.# #######.#
#.#####.......#
#.#...#.#######
#.#.#.#.#
#.#.....#
#.##.####
#....# #@####
#.####h###
#..h.....#
#........#
#........#
##.###.### #.
#.# . ..# . ..#


You could see Natasha.

Vanquished Creatures
  A gnoll (D:1)
  3 bats (D:1)
  2 hobgoblins (D:1)
  3 frilled lizards (D:1)
  2 goblins (D:1)
  2 kobolds (D:1)
  5 rats (D:1)
18 creatures vanquished.

Notes
Turn   | Place    | Note
-------+----------+-------------------------------------------
     0 | D:1      | lemonriz the Demonspawn Skald began the quest for the Orb.
     0 | D:1      | Reached XP level 1. HP: 16/16 MP: 3/3
    52 | D:1      | Reached skill level 1 in Armour
   400 | D:1      | Gained mutation: You have sharp toenails. [demonic
                  | ancestry]
   400 | D:1      | Reached XP level 2. HP: 22/22 MP: 5/5
  1008 | D:2      | Noticed Natasha
  1017 | D:2      | HP: 1/22 [Natasha (8)]
  1019 | D:2      | Mangled by Natasha

Levels and vault maps discovered:
D:1:      dpeg_arrival_chase, layout_basic
D:2:      layout_basic, vehumet_crystals, uniq_natasha, uniq_crazy_yiuf_cottage

Skill      XL: |  1  2 |
---------------+-------+-----
Armour         | 1 |  1.4
Dodging        | 2 |  2.3
Polearms       | 2 |  2.0
Fighting       | |  2.1
Spellcasting   | |  2.0
Charms         | |  2.8

Action                   || total
-------------------------++-------
Melee: Spear             ||    47
       Kick              ||     7
 Cast: Infusion          ||     2
Armor: Leather armour    ||     8
Dodge: Dodged            ||    26

Table legend:
 A = Non-vault XP
 B = Vault XP
 C = Vault XP percentage of total XP
 D = Non-vault monster count
 E = Vault monster count
 F = Vault count percentage of total count
                 A         B        C        D         E       F
            +---------+---------+-------+---------+---------+-------
      Total |      36 |       0 |   0.0 |      18 |       0 |   0.0
            +---------+---------+-------+---------+---------+-------
        D:1 |      36 |       0 |   0.0 |      18 |       0 |   0.0
            +---------+---------+-------+---------+---------+-------
